ESL (28 & UNDER)
KINGSTON IGUANAS @ BUFFALO LIGHTSABRES
09/14/2025
 
TOP OF THE 1ST
Kingston Iguanas batting - Pitching for Buffalo LightSabres : LHP Keith Jennings
Pitching: LHP Keith Jennings
Batting: RHB Salvador Vega 0-0: Ball
1-0: Ball
2-0: Foul Ball, location: 2F
2-1: Ball
3-1: Fly out, F8 (Line Drive, 8RD)
Batting: LHB Juan Romero 0-0: Foul Ball, location: 2F
0-1: Foul Ball, location: 2F
0-2: Ball
1-2: Foul Ball, location: 2F
1-2: Reached on Error, E7 (Flyball, 7LM)
Batting: RHB Luis Aguilar 0-0: Ball
1-0: Foul Ball, location: 2F
1-1: Fly out, F9 (Flyball, 89M)
Batting: SHB Pepe Piña 0-0: Foul Ball, location: 2F
0-1: Called Strike
0-2: DOUBLE (Groundball, 5L)
Juan Romero to third
Batting: RHB Diego Francisco 0-0: Called Strike
0-1: Ball
1-1: Swinging Strike
1-2: SINGLE (Flyball, 8LS)
Juan Romero scores
Pepe Piña to third
Batting: RHB Ken MacDonald 0-0: Called Strike
0-1: Ground out 6-3 (Groundball, 6)
Top of the 1st over - 1 run(s), 2 hit(s), 1 error(s), 2 left on base; Kingston 1 - Buffalo 0
BOTTOM OF THE 1ST
Buffalo LightSabres batting - Pitching for Kingston Iguanas : RHP José Ramírez
Pitching: RHP José Ramírez
Batting: LHB Lucas Coleman 0-0: Ball
1-0: Fly out, F8 (Flyball, 8LM)
Batting: SHB Brian Price 0-0: Ball
1-0: Called Strike
1-1: Swinging Strike
1-2: Foul Ball, location: 2F
1-2: SINGLE (Line Drive, 8LS)
Batting: LHB Juan Jose Pineda 0-0: Called Strike
0-1: Ball
1-1: Swinging Strike
1-2: Ball
2-2: Fly out, F9 (Flyball, 89S)
Batting: LHB Chris Loudermilk 0-0: Ball
1-0: SINGLE (Line Drive, 9LM)
Brian Price to second
Batting: RHB Robby Lewis 0-0: Swinging Strike
0-1: Foul Ball, location: 2F
0-2: Foul Ball, location: 2F
0-2: Strikes out swinging
Bottom of the 1st over - 0 run(s), 2 hit(s), 0 error(s), 2 left on base; Kingston 1 - Buffalo 0
TOP OF THE 2ND
Kingston Iguanas batting - Pitching for Buffalo LightSabres : LHP Keith Jennings
Batting: LHB Billy Anderson 0-0: Ball
1-0: SINGLE (Groundball, 34D)
Batting: RHB Mike Johnson 0-0: Ball
1-0: Foul Ball, location: 2F
1-1: Ball
2-1: Ball
3-1: Base on Balls
Billy Anderson to second
Batting: LHB Tom Young 0-0: Called Strike
0-1: Swinging Strike
0-2: Ball
1-2: Strikes out looking
Batting: RHB Salvador Vega 0-0: Hit by Pitch
Billy Anderson to third
Mike Johnson to second
Batting: LHB Juan Romero 0-0: Ball
1-0: Swinging Strike
1-1: Ground out 5-3 (Groundball, 56S)
Billy Anderson scores
Mike Johnson to third
Salvador Vega to second
Batting: RHB Luis Aguilar 0-0: Ball
1-0: Ball
2-0: Called Strike
2-1: Swinging Strike
2-2: SINGLE (Line Drive, 4MD)
Mike Johnson scores
Salvador Vega to third
Batting: SHB Pepe Piña 0-0: Ball
1-0: Ball
2-0: Ball
3-0: Base on Balls
Luis Aguilar to second
Batting: RHB Diego Francisco 0-0: Ball
1-0: Fly out, F6 (Popup, 6)
Top of the 2nd over - 2 run(s), 2 hit(s), 0 error(s), 3 left on base; Kingston 3 - Buffalo 0
BOTTOM OF THE 2ND
Buffalo LightSabres batting - Pitching for Kingston Iguanas : RHP José Ramírez
Batting: LHB Craig Kenney 0-0: Ball
1-0: Called Strike
1-1: Ball
2-1: Foul Ball, location: 2F
2-2: Ball
3-2: Foul Ball, location: 2F
3-2: Foul Ball, location: 2F
3-2: Strikes out swinging
Batting: RHB Naomi Kitamura 0-0: Called Strike
0-1: Ball
1-1: SINGLE (Groundball, 25) (infield hit)
Batting: LHB Paul Alston 0-0: Ball
1-0: Swinging Strike
1-1: Fly out, F5 (Line Drive, 5)
Batting: RHB Jorge Castillo 0-0: Called Strike
0-1: Ball
1-1: Swinging Strike
1-2: Strikes out swinging
Bottom of the 2nd over - 0 run(s), 1 hit(s), 0 error(s), 1 left on base; Kingston 3 - Buffalo 0
TOP OF THE 3RD
Kingston Iguanas batting - Pitching for Buffalo LightSabres : LHP Keith Jennings
Batting: RHB Ken MacDonald 0-0: Foul Ball, location: 2F
0-1: Called Strike
0-2: Strikes out swinging
Batting: LHB Billy Anderson 0-0: Ball
1-0: Ball
2-0: Called Strike
2-1: Ball
3-1: Called Strike
3-2: Base on Balls
Batting: RHB Mike Johnson 0-0: Called Strike
0-1: Ball
1-1: Swinging Strike
1-2: Foul Ball, location: 2F
1-2: Foul Ball, location: 2F
1-2: Ball
2-2: Foul Ball, location: 2F
2-2: Strikes out looking
Batting: LHB Tom Young 0-0: Ball
1-0: SINGLE (Line Drive, 6MD)
Billy Anderson to second
Batting: RHB Salvador Vega 0-0: Called Strike
0-1: Foul Ball, location: 2F
0-2: SINGLE (Line Drive, 56D)
Billy Anderson to third
Tom Young to second
Runner from 3rd tries for Home, SAFE, no throw or cutoff
Batting: LHB Juan Romero 0-0: Called Strike
0-1: Ball
1-1: Foul Ball, location: 2F
1-2: Ball
2-2: Strikes out swinging
Top of the 3rd over - 1 run(s), 2 hit(s), 0 error(s), 2 left on base; Kingston 4 - Buffalo 0
BOTTOM OF THE 3RD
Buffalo LightSabres batting - Pitching for Kingston Iguanas : RHP José Ramírez
Batting: LHB Lucas Coleman 0-0: Called Strike
0-1: Foul Ball, location: 2F
0-2: Ball
1-2: Foul Ball, location: 2F
1-2: Fly out, F7 (Flyball, 7M)
Batting: SHB Brian Price 0-0: Fly out, F8 (Flyball, 78M)
Batting: LHB Juan Jose Pineda 0-0: Ground out U3 (Groundball, 3S)
Bottom of the 3rd over - 0 run(s), 0 hit(s), 0 error(s), 0 left on base; Kingston 4 - Buffalo 0
TOP OF THE 4TH
Kingston Iguanas batting - Pitching for Buffalo LightSabres : LHP Keith Jennings
Batting: RHB Luis Aguilar 0-0: Fly out, F8 (Popup, 6D)
Batting: SHB Pepe Piña 0-0: Ball
1-0: Ball
2-0: Ball
3-0: Base on Balls
Batting: RHB Diego Francisco 0-0: Called Strike
0-1: Ball
1-1: Ball
2-1: Ball
Wild Pitch!
Pepe Piña to second
3-1: Called Strike
3-2: Ground out 1-3 (Groundball, 13S)
Pepe Piña to third
Batting: RHB Ken MacDonald 0-0: Fly out, F9 (Flyball, 89D)
Top of the 4th over - 0 run(s), 0 hit(s), 0 error(s), 1 left on base; Kingston 4 - Buffalo 0
BOTTOM OF THE 4TH
Buffalo LightSabres batting - Pitching for Kingston Iguanas : RHP José Ramírez
Batting: LHB Chris Loudermilk 0-0: Ball
1-0: Foul Ball, location: 2F
1-1: Ground out 6-3 (Groundball, 6)
Batting: RHB Robby Lewis 0-0: Called Strike
0-1: Foul Ball, location: 2F
0-2: SINGLE (Line Drive, 78S)
Batting: LHB Craig Kenney 0-0: 2-RUN HOME RUN (Line Drive, 7D), Distance : 372 ft
Batting: RHB Naomi Kitamura 0-0: Ball
1-0: Ball
2-0: Ball
3-0: Base on Balls
Batting: LHB Paul Alston 0-0: Ball
1-0: Foul Ball, location: 2F
Pickoff Throw to First - Error! E1
Naomi Kitamura to second
1-1: SINGLE (Groundball, 34D)
Naomi Kitamura to third
Runner from 3rd tries for Home, SAFE, no throw or cutoff
Batting: RHB Jorge Castillo 0-0: Ball
1-0: Called Strike
1-1: Called Strike
1-2: Strikes out looking
Batting: LHB Lucas Coleman 0-0: Ball
1-0: Called Strike
1-1: DOUBLE (Line Drive, 89XD)
Paul Alston to third
Batting: SHB Brian Price 0-0: Ball
1-0: Ball
2-0: Foul Ball, location: 2F
2-1: Ball
3-1: Base on Balls
Batting: LHB Juan Jose Pineda 0-0: Ball
1-0: Ball
2-0: Ball
3-0: Called Strike
3-1: Base on Balls
Paul Alston scores
Lucas Coleman to third
Brian Price to second
Batting: LHB Chris Loudermilk 0-0: Foul Ball, location: 2F
0-1: Ball
1-1: Fly out, F6 (Popup, 5D)
Bottom of the 4th over - 4 run(s), 4 hit(s), 1 error(s), 3 left on base; Kingston 4 - Buffalo 4
TOP OF THE 5TH
Kingston Iguanas batting - Pitching for Buffalo LightSabres : LHP Keith Jennings
Pitching: RHP Gavin Robbins
Batting: LHB Billy Anderson 0-0: Ball
1-0: Foul Ball, location: 2F
1-1: Ball
2-1: Ball
3-1: Called Strike
3-2: Base on Balls
Batting: RHB Mike Johnson 0-0: Called Strike
0-1: Called Strike
0-2: Ball
1-2: Ball
2-2: Ball
3-2: Foul Ball, location: 2F
3-2: Foul Ball, location: 2F
3-2: Base on Balls
Billy Anderson to second
Batting: LHB Tom Young 0-0: Called Strike
0-1: Foul Ball, location: 2F
0-2: Foul Ball, location: 2F
0-2: Ball
1-2: Ground out U3 (Groundball, 3S)
Billy Anderson to third
Mike Johnson to second
Batting: RHB Salvador Vega 0-0: Called Strike
0-1: Ball
1-1: Foul Ball, location: 2F
1-2: Ball
2-2: Ball
3-2: Strikes out swinging
Batting: LHB Juan Romero 0-0: Ball
1-0: Ball
2-0: Swinging Strike
2-1: Foul Ball, location: 2F
2-2: Ball
3-2: DOUBLE (Flyball, 78M)
Billy Anderson scores
Mike Johnson scores
Batting: RHB Luis Aguilar 0-0: Called Strike
0-1: Ground out 1-3 (Groundball, 13S)
Top of the 5th over - 2 run(s), 1 hit(s), 0 error(s), 1 left on base; Kingston 6 - Buffalo 4
BOTTOM OF THE 5TH
Buffalo LightSabres batting - Pitching for Kingston Iguanas : RHP José Ramírez
Batting: RHB Robby Lewis 0-0: Fly out, F8 (Flyball, 8LD)
Batting: LHB Craig Kenney 0-0: Ground out 6-3 (Groundball, 6)
Batting: RHB Naomi Kitamura 0-0: Ball
1-0: Fly out, F8 (Popup, 4MD)
Bottom of the 5th over - 0 run(s), 0 hit(s), 0 error(s), 0 left on base; Kingston 6 - Buffalo 4
TOP OF THE 6TH
Kingston Iguanas batting - Pitching for Buffalo LightSabres : RHP Gavin Robbins
Pitching: RHP Brian Smith
Batting: SHB Pepe Piña 0-0: DOUBLE (Groundball, 5D)
Batting: RHB Diego Francisco 0-0: Ball
1-0: Ball
2-0: Foul Ball, location: 2F
2-1: Ball
3-1: Base on Balls
Batting: RHB Ken MacDonald 0-0: Swinging Strike
0-1: Ball
1-1: Foul Ball, location: 2F
1-2: Ball
2-2: Strikes out swinging
Batting: LHB Billy Anderson 0-0: Ball
1-0: Ball
2-0: Ball
3-0: Called Strike
3-1: Base on Balls
Pepe Piña to third
Diego Francisco to second
Batting: RHB Mike Johnson 0-0: Called Strike
0-1: Ball
1-1: Ball
2-1: SINGLE (Groundball, 4D)
Pepe Piña scores
Diego Francisco to third
Billy Anderson to second
Runner from 3rd tries for Home, SAFE, throw made home
Billy Anderson to third
Mike Johnson to second
Pitching: RHP Travis Whitney
Batting: LHB Tom Young 0-0: Called Strike
0-1: Ball
1-1: SINGLE (Groundball, 34D)
Billy Anderson scores
Mike Johnson to third
Batting: RHB Salvador Vega 0-0: Ball
1-0: SINGLE (Line Drive, 4D)
Mike Johnson scores
Tom Young to second
Runner from 2nd tries for 3rd, SAFE, throw made to third
Salvador Vega to second
Batting: LHB Juan Romero 0-0: Ball
1-0: Called Strike
1-1: Foul Ball, location: 2F
1-2: Ground out 3-1 (Groundball, 34)
Tom Young scores
Salvador Vega to third
Batting: RHB Luis Aguilar 0-0: Ball
1-0: Called Strike
1-1: Foul Ball, location: 2F
1-2: Strikes out swinging
Top of the 6th over - 5 run(s), 4 hit(s), 0 error(s), 1 left on base; Kingston 11 - Buffalo 4
BOTTOM OF THE 6TH
Buffalo LightSabres batting - Pitching for Kingston Iguanas : RHP José Ramírez
Batting: LHB Paul Alston 0-0: SINGLE (Groundball, 6MD)
Batting: RHB Jorge Castillo 0-0: Foul Ball, location: 2F
0-1: Grounds into double play, 5-4-3 (Groundball, 56)
Batting: LHB Lucas Coleman 0-0: Called Strike
0-1: Called Strike
0-2: Strikes out looking
Bottom of the 6th over - 0 run(s), 1 hit(s), 0 error(s), 0 left on base; Kingston 11 - Buffalo 4
TOP OF THE 7TH
Kingston Iguanas batting - Pitching for Buffalo LightSabres : RHP Travis Whitney
Batting: SHB Pepe Piña 0-0: Swinging Strike
0-1: Ball
1-1: Called Strike
1-2: Strikes out looking
Batting: RHB Diego Francisco 0-0: Ball
1-0: Ball
2-0: Ball
3-0: Foul Ball, location: 2F
3-1: Foul Ball, location: 2F
3-2: Base on Balls
Batting: RHB Ken MacDonald 0-0: Ball
1-0: Ball
2-0: Called Strike
2-1: Ball
3-1: Foul Ball, location: 2F
3-2: Base on Balls
Diego Francisco to second
Batting: LHB Billy Anderson 0-0: Ball
1-0: DOUBLE (Flyball, 78XD)
Diego Francisco scores
Ken MacDonald to third
Pinch Runner at 2nd Steve Davis:
Batting: RHB Mike Johnson 0-0: Ground out 6-3 (Groundball, 6)
Ken MacDonald scores
Steve Davis to third
Pitching: LHP Mike O'Brien
Batting: LHB Tom Young 0-0: Foul Ball, location: 2F
0-1: Ball
1-1: Swinging Strike
1-2: Ball
2-2: Foul Ball, location: 2F
2-2: Ball
3-2: Base on Balls
Batting: RHB Salvador Vega 0-0: Ball
1-0: Ball
2-0: Called Strike
2-1: Called Strike
2-2: Foul Ball, location: 2F
2-2: Ball
Wild Pitch!
Steve Davis scores
Tom Young to second
3-2: Base on Balls
Batting: LHB Juan Romero 0-0: Called Strike
0-1: SINGLE (Flyball, 8RS)
Tom Young to third
Salvador Vega to second
Runner from 3rd tries for Home, SAFE, no throw or cutoff
Batting: RHB Luis Aguilar 0-0: Called Strike
0-1: DOUBLE (Line Drive, 3D)
Salvador Vega scores
Juan Romero to third
Runner from 3rd tries for Home, SAFE, no throw or cutoff
Pitching: RHP Júlio Ruíz
Batting: SHB Pepe Piña 0-0: Ball
1-0: Swinging Strike
1-1: Fly out, F9 (Flyball, 9S)
Top of the 7th over - 6 run(s), 3 hit(s), 0 error(s), 1 left on base; Kingston 17 - Buffalo 4
BOTTOM OF THE 7TH
Buffalo LightSabres batting - Pitching for Kingston Iguanas : RHP José Ramírez
Now in RF: Steve Davis
Batting: SHB Brian Price 0-0: Ground out U3 (Groundball, 3)
Batting: LHB Juan Jose Pineda 0-0: Ball
1-0: Ball
2-0: Ball
3-0: Called Strike
3-1: Ground out 4-3 (Groundball, 4)
Batting: LHB Chris Loudermilk 0-0: Called Strike
0-1: Swinging Strike
0-2: Ball
1-2: Ground out 4-3 (Groundball, 4)
Bottom of the 7th over - 0 run(s), 0 hit(s), 0 error(s), 0 left on base; Kingston 17 - Buffalo 4
TOP OF THE 8TH
Kingston Iguanas batting - Pitching for Buffalo LightSabres : RHP Júlio Ruíz
Batting: RHB Diego Francisco 0-0: Ball
1-0: Ball
2-0: Foul Ball, location: 2F
2-1: SOLO HOME RUN (Line Drive, 78XD), Distance : 414 ft
Batting: RHB Ken MacDonald 0-0: Called Strike
0-1: Foul Ball, location: 2F
0-2: Strikes out swinging
Batting: LHB Steve Davis 0-0: Foul Ball, location: 2F
0-1: Ground out 4-3 (Groundball, 4)
Batting: RHB Mike Johnson 0-0: Ball
1-0: Ball
2-0: Fly out, F3 (Line Drive, 3)
Top of the 8th over - 1 run(s), 1 hit(s), 0 error(s), 0 left on base; Kingston 18 - Buffalo 4
BOTTOM OF THE 8TH
Buffalo LightSabres batting - Pitching for Kingston Iguanas : RHP José Ramírez
Pitching: LHP Joe Hazelwood
Batting: RHB Robby Lewis 0-0: Ball
1-0: Ball
2-0: Swinging Strike
2-1: Called Strike
2-2: Fly out, F7 (Flyball, 78D)
Batting: LHB Craig Kenney 0-0: Fly out, F9 (Flyball, 89M)
Batting: RHB Naomi Kitamura 0-0: Ball
1-0: Swinging Strike
1-1: Ball
2-1: Fly out, F8 (Flyball, 8LM)
Bottom of the 8th over - 0 run(s), 0 hit(s), 0 error(s), 0 left on base; Kingston 18 - Buffalo 4
TOP OF THE 9TH
Kingston Iguanas batting - Pitching for Buffalo LightSabres : RHP Júlio Ruíz
Batting: LHB Tom Young 0-0: Called Strike
0-1: Swinging Strike
0-2: Strikes out swinging
Batting: RHB Salvador Vega 0-0: Ball
1-0: Called Strike
1-1: Ball
2-1: Called Strike
2-2: Foul Ball, location: 2F
2-2: Foul Ball, location: 2F
2-2: Ball
3-2: DOUBLE (Groundball, 3L)
Batting: LHB Juan Romero 0-0: Ground out 5-3 (Groundball, 56)
Batting: RHB Luis Aguilar 0-0: Called Strike
0-1: Ball
1-1: Foul Ball, location: 2F
1-2: Ball
2-2: Foul Ball, location: 2F
2-2: Strikes out swinging passed ball, reaches first!
Salvador Vega to third
Batting: SHB Pepe Piña 0-0: Ball
1-0: Ball
2-0: DOUBLE (Flyball, 78XD)
Salvador Vega scores
Luis Aguilar to third
Runner from 3rd tries for Home, SAFE, no throw or cutoff
Batting: RHB Diego Francisco 0-0: Foul Ball, location: 2F
0-1: Ball
1-1: Ball
2-1: Ball
3-1: Swinging Strike
3-2: Strikes out swinging
Top of the 9th over - 2 run(s), 2 hit(s), 0 error(s), 1 left on base; Kingston 20 - Buffalo 4
BOTTOM OF THE 9TH
Buffalo LightSabres batting - Pitching for Kingston Iguanas : LHP Joe Hazelwood
Pinch Hitting: RHB Keith Sims 0-0: Swinging Strike
0-1: Ball
1-1: Ball
2-1: Ball
3-1: Base on Balls
Batting: RHB Jorge Castillo 0-0: Ball
1-0: Swinging Strike
1-1: Fielders Choice at 2nd, 6-4 (Groundball, 56)
Batting: LHB Lucas Coleman 0-0: Ball
1-0: Ball
2-0: Ball
3-0: Base on Balls
Jorge Castillo to second
Batting: SHB Brian Price 0-0: Called Strike
0-1: Called Strike
0-2: Foul Ball, location: 2F
0-2: Hit by Pitch
Jorge Castillo to third
Lucas Coleman to second
Batting: LHB Juan Jose Pineda 0-0: Ball
1-0: Ball
2-0: SINGLE (Line Drive, 6MD)
Jorge Castillo scores
Lucas Coleman to third
Brian Price to second
Runner from 3rd tries for Home, SAFE, throw made at trailing runner, OUT at third!
Batting: LHB Chris Loudermilk 0-0: Ball
1-0: Called Strike
1-1: Called Strike
1-2: Ball
2-2: Fly out, F8 (Flyball, 8LM)
Bottom of the 9th over - 2 run(s), 1 hit(s), 0 error(s), 1 left on base; Kingston 20 - Buffalo 6
This league is powered by Out of the Park Baseball, the baseball management simulation game for PC, Mac and Linux
Tuesday, August 2nd, 2016 - OOTP Baseball 16.8 Build 38